[Event "Sambir Charity 2024"]
[Site "Sambir"]
[Date "2024.09.22"]
[Round "7.2"]
[White "Mikhaletz, Lubomir"]
[Black "Hnatyshyn, Anastasiia"]
[Result "1-0"]
[ECO "A01"]
[WhiteElo "2272"]
[BlackElo "2081"]
[PlyCount "67"]
[EventDate "2024.09.10"]
[EventType "swiss"]
[EventCountry "UKR"]
[TimeControl "5400+30"]

1. b3 d5 2. Bb2 Nf6 3. e3 e6 4. f4 c5 5. Nf3 Nc6 6. Bb5 Bd7 7. Bxc6 Bxc6 8. Ne5 Qc7 9. Qf3 O-O-O 10. a4 Be8 11. Na3 a6 12. c4 Ne4 13. Nb5 axb5 14. axb5 Kb8 15. d3 Nd6 16. O-O f6 17. Ng4 Bh5 18. Qh3 Bxg4 19. Qxg4 Nf5 20. Qe2 Bd6 21. Bc3 b6 22. Ra6 Kb7 23. Rfa1 Ra8 24. Qa2 Qb8 25. cxd5 exd5 26. b4 c4 27. dxc4 Nxe3 28. c5 bxc5 29. Qd2 d4 30. Rxa8 Qxa8 31. Rxa8 dxc3 32. Qxd6 Rxa8 33. Qc6+ Kb8 34. b6 1-0

[Event "Sambir Charity 2024"]
[Site "Sambir"]
[Date "2024.09.22"]
[Round "7.3"]
[White "Voloshchuk, Svyatoslav"]
[Black "Baziuk, Vladyslav"]
[Result "1/2-1/2"]
[ECO "B12"]
[WhiteElo "1809"]
[BlackElo "2247"]
[PlyCount "168"]
[EventDate "2024.09.10"]
[EventType "swiss"]
[EventCountry "UKR"]
[TimeControl "5400+30"]

1. e4 c6 2. d4 d5 3. e5 c5 4. Nf3 cxd4 5. Nxd4 Nc6 6. Nxc6 bxc6 7. Bd3 e6 8. O-O Ne7 9. Nd2 Ng6 10. f4 Be7 11. Nf3 O-O 12. Be3 c5 13. c3 Rb8 14. b3 Qa5 15. Qc2 Ba6 16. c4 dxc4 17. Bxc4 Bxc4 18. Qxc4 Rfc8 19. Bd2 Qb6 20. Rac1 h6 21. Rc2 Rd8 22. Be3 Rd5 23. f5 Nxe5 24. Nxe5 Rxe5 25. Bf4 Rxf5 26. Bxb8 Rxf1+ 27. Kxf1 Qxb8 28. Kg1 Qe5 29. g3 g6 30. Kg2 h5 31. Re2 Qd6 32. Qf4 Qc6+ 33. Qf3 Qc7 34. Qf4 Qb7+ 35. Qf3 Qd7 36. Rf2 Bf8 37. Qe4 Bg7 38. Rc2 Bd4 39. Rc4 e5 40. Rc2 Kg7 41. Re2 Qb5 42. Rc2 Qb4 43. Qe2 Qb7+ 44. Qf3 e4 45. Qf4 e3+ 46. Qf3 Qe7 47. Kf1 h4 48. Ke2 hxg3 49. hxg3 Qe6 50. Kd3 Qa6+ 51. Ke4 Qe6+ 52. Kd3 Qa6+ 53. Ke4 Qc6+ 54. Kf4 Qf6+ 55. Ke4 Qc6+ 56. Kf4 Qf6+ 57. Ke4 Qg5 58. Kd3 Qe5 59. Rg2 Qe6 60. Rc2 a5 61. Qe4 Qa6+ 62. Rc4 a4 63. Ke2 axb3 64. axb3 Qa1 65. b4 Qg1 66. Rxd4 Qf2+ 67. Kd1 cxd4 68. Qxd4+ f6 69. Qd7+ Kg8 70. Qc8+ Kg7 71. Qd7+ Kh6 72. Qh3+ Kg7 73. Qc8 Kf7 74. Qc6 Ke7 75. Qc7+ Ke6 76. Qc6+ Kf5 77. Qc2+ Qxc2+ 78. Kxc2 Ke4 79. Kd1 f5 80. b5 Kd5 81. Ke2 g5 82. Kxe3 f4+ 83. gxf4 gxf4+ 84. Kxf4 Kc5 1/2-1/2

[Event "Sambir Charity 2024"]
[Site "Sambir"]
[Date "2024.09.22"]
[Round "7.4"]
[White "Pankiv, Maksym"]
[Black "Abramchuk, Klavdia"]
[Result "1/2-1/2"]
[ECO "A58"]
[WhiteElo "1961"]
[BlackElo "2120"]
[PlyCount "67"]
[EventDate "2024.09.10"]
[EventType "swiss"]
[EventCountry "UKR"]
[TimeControl "5400+30"]

1. d4 Nf6 2. c4 c5 3. d5 b5 4. cxb5 a6 5. bxa6 Bxa6 6. Nc3 d6 7. g3 g6 8. Bg2 Bg7 9. Nf3 O-O 10. O-O Nbd7 11. Re1 Nb6 12. e4 Nfd7 13. Bf1 Bxf1 14. Kxf1 Nc4 15. Qe2 Nce5 16. Nd2 Nb6 17. f4 Ned7 18. Nc4 Nxc4 19. Qxc4 Nb6 20. Qe2 Na4 21. Qc2 Qd7 22. Bd2 Rfb8 23. b3 Nxc3 24. Bxc3 Qb5+ 25. Kg2 Bxc3 26. Qxc3 Ra3 27. e5 Rba8 28. exd6 Rxa2+ 29. Rxa2 Rxa2+ 30. Kg1 exd6 31. Qf6 Re2 32. Ra1 Qe8 33. Qc3 Re3 34. Qc2 1/2-1/2

[Event "Sambir Charity 2024"]
[Site "Sambir"]
[Date "2024.09.22"]
[Round "8.1"]
[White "Bondarenko, Stanislav"]
[Black "Mikhaletz, Lubomir"]
[Result "1-0"]
[ECO "A13"]
[WhiteElo "1780"]
[BlackElo "2272"]
[PlyCount "127"]
[EventDate "2024.09.10"]
[EventType "swiss"]
[EventCountry "UKR"]
[TimeControl "5400+30"]

1. c4 e6 2. Nc3 b6 3. Nf3 Bb7 4. g3 Bxf3 5. exf3 d5 6. cxd5 exd5 7. d4 Nf6 8. Bd3 c6 9. O-O Be7 10. Bf4 O-O 11. Rc1 Bd6 12. Qd2 Nh5 13. Bxd6 Qxd6 14. Qg5 Nf6 15. Rfe1 Nbd7 16. Nd1 Rfe8 17. Ne3 g6 18. a3 Kh8 19. Red1 Re6 20. Ng2 Rae8 21. Nf4 R6e7 22. Kg2 Kg7 23. Nh3 c5 24. Bb5 c4 25. Qf4 Qxf4 26. Nxf4 g5 27. Nh3 h6 28. Ng1 Ra8 29. Re1 Kf8 30. Rxe7 Kxe7 31. Re1+ Kd6 32. Ne2 a6 33. Bxd7 Nxd7 34. Nc3 b5 35. Nd1 a5 36. Ne3 b4 37. Nf5+ Kc7 38. Nxh6 f6 39. Nf5 Rb8 40. Re6 Rb6 41. Re8 c3 42. bxc3 bxa3 43. Ne3 Rb2 44. Ra8 Rb5 45. Ra7+ Kc8 46. c4 a2 47. cxb5 a1=Q 48. Nxd5 Qb2 49. Ne7+ Kd8 50. Nc6+ Ke8 51. Rxa5 Nb6 52. Ra7 Qxb5 53. Re7+ Kf8 54. Re6 Qd5 55. Rxf6+ Kg7 56. Rg6+ Kh7 57. Ne7 Qxd4 58. Rh6+ Kxh6 59. Nf5+ Kg6 60. Nxd4 Nd5 61. Ne2 Kf5 62. g4+ Kf6 63. Kg3 Ke5 64. h4 1-0

[Event "Sambir Charity 2024"]
[Site "Sambir"]
[Date "2024.09.22"]
[Round "8.2"]
[White "Baziuk, Vladyslav"]
[Black "Matviychuk, Andrey"]
[Result "1-0"]
[ECO "E09"]
[WhiteElo "2247"]
[BlackElo "1983"]
[PlyCount "49"]
[EventDate "2024.09.10"]
[EventType "swiss"]
[EventCountry "UKR"]
[TimeControl "5400+30"]

1. d4 d5 2. c4 e6 3. Nf3 Nf6 4. g3 Be7 5. Bg2 O-O 6. O-O Nbd7 7. Qc2 c6 8. Nbd2 b6 9. e4 dxc4 10. Nxc4 Bb7 11. Rd1 c5 12. e5 Nd5 13. h4 cxd4 14. Rxd4 Qc7 15. Qe2 Rac8 16. Bg5 Bc5 17. Rg4 h5 18. Re4 Ba6 19. Nfd2 Nxe5 20. Rxe5 Bxc4 21. Nxc4 Bd4 22. Re4 Qxc4 23. Qxc4 Rxc4 24. Rd1 e5 25. Rexd4 1-0

[Event "Sambir Charity 2024"]
[Site "Sambir"]
[Date "2024.09.22"]
[Round "8.3"]
[White "Abramchuk, Klavdia"]
[Black "Lozynskyi, Bohdan"]
[Result "0-1"]
[ECO "D51"]
[WhiteElo "2120"]
[BlackElo "2069"]
[PlyCount "148"]
[EventDate "2024.09.10"]
[EventType "swiss"]
[EventCountry "UKR"]
[TimeControl "5400+30"]

1. d4 d5 2. c4 e6 3. Nc3 Nf6 4. Bg5 Nbd7 5. e3 Bb4 6. Qc2 c5 7. Nf3 Qa5 8. Bxf6 Nxf6 9. Nd2 cxd4 10. exd4 Bd7 11. Bd3 Rc8 12. c5 O-O 13. O-O Bxc3 14. bxc3 b6 15. Nb3 Qa3 16. Qc1 Qxc1 17. Raxc1 Ba4 18. cxb6 axb6 19. Nd2 b5 20. Nb1 Ne8 21. a3 Nd6 22. Rfe1 Rc7 23. Re2 Rfc8 24. Rb2 Kf8 25. f3 Ke7 26. Kf2 h6 27. Ke3 g5 28. g3 f5 29. Kf2 Kf6 30. Re2 Bb3 31. Rce1 Re7 32. g4 fxg4 33. fxg4 Bc4 34. Ke3 Kg7 35. Kd2 Ne4+ 36. Bxe4 Bxe2 37. Rxe2 dxe4 38. Rxe4 e5 39. Kd3 Kf6 40. Nd2 exd4 41. Rxd4 Re1 42. Rd5 Rce8 43. Rd6+ Ke5 44. Rd7 Ra1 45. Rd4 Rc8 46. Nf3+ Ke6 47. Re4+ Kf6 48. Nd4 Rxa3 49. Re6+ Kf7 50. Rxh6 Raxc3+ 51. Ke4 b4 52. Rh7+ Kg6 53. Rb7 R3c4 54. Kd3 Rc3+ 55. Ke4 R8c4 56. Rb6+ Kf7 57. Rb7+ Ke8 58. Kd5 Kd8 59. Rb5 Kc8 60. h3 Kd7 61. Rb7+ Ke8 62. Rb8+ Kf7 63. Rb7+ Kg6 64. Rb6+ Kf7 65. Rb7+ Rc7 66. Rxb4 Rd7+ 67. Ke4 Re7+ 68. Kd5 Rxh3 69. Nf5 Rd3+ 70. Kc6 Re6+ 71. Kc7 Kf6 72. Rb5 Rc3+ 73. Kb7 Rc4 74. Rd5 Rxg4 0-1

[Event "Sambir Charity 2024"]
[Site "Sambir"]
[Date "2024.09.22"]
[Round "8.4"]
[White "Levytskyi, Liubomyr"]
[Black "Pankiv, Maksym"]
[Result "0-1"]
[ECO "B24"]
[WhiteElo "1857"]
[BlackElo "1961"]
[PlyCount "50"]
[EventDate "2024.09.10"]
[EventType "swiss"]
[EventCountry "UKR"]
[TimeControl "5400+30"]

1. e4 c5 2. Nc3 Nc6 3. Bb5 g6 4. Bxc6 dxc6 5. d3 Bg7 6. f4 Nf6 7. Nf3 O-O 8. O-O b6 9. Qe1 Re8 10. Qh4 Nd7 11. e5 f6 12. Ne4 Nf8 13. b4 cxb4 14. Bb2 f5 15. Ned2 c5 16. Nc4 Be6 17. Ne3 Bf7 18. Rae1 Bxa2 19. g4 e6 20. Qg3 Bd5 21. Nh4 Qd7 22. gxf5 exf5 23. Nexf5 gxf5 24. e6 Bxe6 25. Rxe6 Rxe6 0-1

[Event "Sambir Charity 2024"]
[Site "Sambir"]
[Date "2024.09.22"]
[Round "9.2"]
[White "Lozynskyi, Bohdan"]
[Black "Bondarenko, Stanislav"]
[Result "1-0"]
[ECO "C00"]
[WhiteElo "2069"]
[BlackElo "1780"]
[PlyCount "159"]
[EventDate "2024.09.10"]
[EventType "swiss"]
[EventCountry "UKR"]
[TimeControl "5400+30"]

1. e4 e6 2. d3 d5 3. Qe2 dxe4 4. dxe4 c5 5. Nf3 Nc6 6. c3 Be7 7. Qc2 Nf6 8. h3 Qc7 9. Be3 b6 10. a4 Bb7 11. Nbd2 O-O 12. Be2 Rad8 13. O-O Bd6 14. Bg5 Be7 15. Rfe1 Nd7 16. Be3 Bd6 17. Bg5 Be7 18. Be3 Bd6 19. Nc4 Bf4 20. Qc1 Bxe3 21. Qxe3 Ba6 22. e5 Bxc4 23. Bxc4 Na5 24. Bd3 c4 25. Bc2 Rfe8 26. Ng5 Nf8 27. Qe4 h6 28. Nf3 Qc6 29. Qg4 Qc5 30. h4 Nc6 31. h5 Rd5 32. Qf4 Red8 33. Re4 Na5 34. Qg3 Qe7 35. Nd4 Qg5 36. Qxg5 hxg5 37. Nf3 f5 38. exf6 gxf6 39. Rae1 e5 40. R4e2 Ne6 41. g3 Nc5 42. Nh2 Nd3 43. Rb1 Nb3 44. Ng4 Kf7 45. Ne3 Nbc1 46. Rd2 R5d7 47. Nxc4 e4 48. Kf1 Ke6 49. Rd1 Rh8 50. Rbxc1 Nxc1 51. Rxc1 Rxh5 52. Bxe4 f5 53. Bf3 g4 54. Bg2 Kf6 55. Ke2 Rh2 56. Ne3 Re7 57. Bd5 f4 58. gxf4 g3 59. Rf1 gxf2 60. Rxf2 Rh3 61. Rf3 Rh2+ 62. Kd3 Rxb2 63. Be4 Rd7+ 64. Nd5+ Ke6 65. c4 Rb3+ 66. Kd4 Rxf3 67. Bxf3 Kf5 68. Be4+ Ke6 69. f5+ Kd6 70. f6 Ke6 71. Bg6 Rd8 72. Bh5 a6 73. Bg4+ Kf7 74. Ke5 b5 75. Be6+ Kf8 76. axb5 axb5 77. cxb5 Rb8 78. b6 Rb7 79. Nf4 Ke8 80. f7+ 1-0

[Event "Sambir Charity 2024"]
[Site "Sambir"]
[Date "2024.09.22"]
[Round "9.3"]
[White "Mikhaletz, Lubomir"]
[Black "Baziuk, Vladyslav"]
[Result "0-1"]
[ECO "A01"]
[WhiteElo "2272"]
[BlackElo "2247"]
[PlyCount "124"]
[EventDate "2024.09.10"]
[EventType "swiss"]
[EventCountry "UKR"]
[TimeControl "5400+30"]

1. b3 d5 2. Bb2 Nf6 3. e3 Bf5 4. Nf3 e6 5. Nh4 Bg6 6. g3 Be7 7. d3 Nbd7 8. Nd2 O-O 9. Nxg6 hxg6 10. Bg2 a5 11. a4 c6 12. e4 dxe4 13. dxe4 Qc7 14. O-O e5 15. Nc4 Bc5 16. Qe2 b6 17. Rfd1 Rfe8 18. Bh3 Nf8 19. Rd3 N8h7 20. Rad1 Ng5 21. Bg2 b5 22. axb5 cxb5 23. Nd6 Bxd6 24. Rxd6 a4 25. h4 Ngh7 26. bxa4 bxa4 27. Qd3 g5 28. h5 Nxh5 29. Rd7 Qc6 30. Qd5 Qxd5 31. exd5 a3 32. d6 axb2 33. Bxa8 Rxa8 34. Rb7 Ra1 35. Rf1 Nf8 36. Rxb2 Ra6 37. Rd1 Nf6 38. Rb8 N6d7 39. Rc8 Ra5 40. Rb1 Rd5 41. Rc6 Ne6 42. Rb7 Ndc5 43. Rbc7 Rd2 44. Rxc5 Nxc5 45. Rxc5 Rxd6 46. Rxe5 Rc6 47. Re2 f6 48. Kf1 Kf7 49. Ke1 Rd6 50. Rd2 Rc6 51. Re2 Rd6 52. Re3 f5 53. Ke2 Kf6 54. Rd3 Rc6 55. Kd2 Ke5 56. Re3+ Kd4 57. Re7 g6 58. Re8 g4 59. Re3 g5 60. Re8 f4 61. Rf8 Ke4 62. c3 Ra6 0-1

[Event "Sambir Charity 2024"]
[Site "Sambir"]
[Date "2024.09.22"]
[Round "9.4"]
[White "Karvatskyi, Oleksii"]
[Black "Stoyko, Oleh"]
[Result "1-0"]
[ECO "B13"]
[WhiteElo "2144"]
[BlackElo "1792"]
[PlyCount "127"]
[EventDate "2024.09.10"]
[EventType "swiss"]
[EventCountry "UKR"]
[TimeControl "5400+30"]

1. e4 c6 2. d4 d5 3. exd5 cxd5 4. Bd3 Nc6 5. c3 Nf6 6. h3 g6 7. Nf3 Bg7 8. O-O O-O 9. Bf4 Bf5 10. Bxf5 gxf5 11. Re1 e6 12. Qc1 Ne4 13. Bh6 Bxh6 14. Qxh6 Qf6 15. Qf4 Ne7 16. Nbd2 Ng6 17. Qe3 Rac8 18. Rac1 Kh8 19. c4 Nxd2 20. Nxd2 dxc4 21. Nxc4 Rfd8 22. Ne5 Kg7 23. Red1 a6 24. Nf3 Ne7 25. Qb3 b5 26. Qa3 Nd5 27. Rxc8 Rxc8 28. Qxa6 Qd8 29. Qxb5 Rb8 30. Qe2 Qb6 31. Rd2 Rc8 32. Rc2 Ra8 33. b3 Qb4 34. Qe5+ Kg8 35. Qg3+ Kh8 36. Ne5 Qe7 37. a4 f4 38. Qf3 f6 39. Nd3 Qd6 40. Qe4 Rb8 41. Nc5 e5 42. dxe5 fxe5 43. Nd3 Re8 44. Qf5 e4 45. Rc8 Rxc8 46. Qxc8+ Kg7 47. Qc5 Qe6 48. Qd4+ Kf7 49. Nc5 Qf5 50. Qxe4 Qxe4 51. Nxe4 Nb4 52. Kf1 Ke6 53. Ng5+ Kd5 54. Nxh7 Kd4 55. Ke2 Kc3 56. Nf6 Kxb3 57. Nh5 Nd5 58. Kf3 Kxa4 59. Nxf4 Ne7 60. h4 Kb4 61. g4 Kc4 62. Ke4 Kc5 63. Ke5 Kc6 64. Ke6 1-0